 Dungeon Crawl Stone Soup version 0.29-a0-251-g80730f7218 (webtiles) character file.

Game seed: 8120944185923589147

270 bande the Covered (level 6, -4/38 HPs)
             Began as a Gargoyle Fighter on Mar 5, 2022.
             Slain by a black bear (6 damage)
             ... on level 4 of the Dungeon.
             The game lasted 00:04:59 (3621 turns).

bande the Covered (Gargoyle Fighter)                Turns: 3621, Time: 00:05:00

Health: -4/38      AC: 16    Str: 19    XL:     6   Next: 22%
Magic:  6/6        EV:  7    Int:  9    God:
Gold:   147        SH:  4    Dex: 11    Spells: 5/5 levels left

rFire   . . .      SeeInvis .   a - +0 war axe
rCold   . . .      Faith    .   c - +0 buckler
rNeg    + . .      Spirit   .   g - +0 chain mail
rPois   ∞          Reflect  .   (no helmet)
rElec   +          Harm     .   (no cloak)
rCorr   .          Rampage  .   e - +1 pair of gloves
Will    .....                   (no boots)
Stlth   ..........              (no amulet)
HPRegen 0.12/turn               (no ring)
MPRegen 0.10/turn               (no ring)

@: no status effects
A: sickness immunity, AC +4, negative energy resistance 1, electricity
resistance, torment resistance 1, petrification resistance
a: no special abilities


You were on level 4 of the Dungeon.
You visited 1 branch of the dungeon, and saw 4 of its levels.
You also visited: Sewer.

You collected 147 gold pieces.

Inventory:

Hand Weapons
 a - a +0 war axe (weapon)
Armour
 c - a +0 buckler (worn)
 e - a +1 pair of gloves (worn)
 g - a +0 chain mail (worn)
Jewellery
 m - an amulet of faith
Wands
 n - a wand of iceblast (4)
Scrolls
 b - 4 scrolls of teleportation
 f - 2 scrolls of enchant armour
Potions
 d - a potion of might
 i - a potion of heal wounds
 j - a potion of resistance {unknown}
 k - a potion of ambrosia {unknown}
 l - a potion of lignification {unknown}


   Skills:
 + Level 4.3 Fighting
 + Level 4.1 Axes
 + Level 4.4 Armour
 + Level 4.1 Shields


You had 5 spell levels left.
You didn't know any spells.
Your spell library contained the following spells:

 Spells                   Type           Power      Damage    Failure   Level
 Confusing Touch          Hex            0%         N/A       100%        3
 Yara's Violent Unravell  Hex/Tmut       0%         3d3       100%        5
 Enfeeble                 Hex            0%         N/A       100%        7


Dungeon Overview and Level Annotations

Branches:
Dungeon (4/15)              Sewer (visited)
 Temple: D:4-7

Altars:
Hepliaklqana
Zin


Innate Abilities, Weirdness & Mutations

You are immune to sickness and miasma.
Your stone body is resilient. (AC +4)
You are immune to poison.
You resist negative energy. (rN+)
You are resistant to electric shocks. (rElec)
You are resistant to unholy torment.
You are immune to petrification.


Message History

The black bear claws you but does no damage.
The black bear claws you.
You hit the black bear.
The black bear is almost dead.
The black bear goes berserk!
The black bear bites you but does no damage.
The black bear closely misses you. You block the black bear's attack.
You closely miss the black bear.
The black bear is almost dead.
The black bear bites you but does no damage.
The black bear claws you.
The black bear claws you but does no damage.
The black bear bites you!
The black bear claws you but does no damage.
The black bear claws you.
You slash the black bear!
The black bear is almost dead.
The black bear bites you.
* * * LOW HITPOINT WARNING * * *
You block the black bear's attack. The black bear claws you.
* * * LOW HITPOINT WARNING * * *
The black bear bites you.
* * * LOW HITPOINT WARNING * * *
The black bear claws you but does no damage. x2
You closely miss the black bear.
The black bear is almost dead.
The black bear bites you but does no damage.
The black bear claws you but does no damage. x2
You block the black bear's attack.
The black bear claws you but does no damage.
The black bear claws you.
* * * LOW HITPOINT WARNING * * *
You barely miss the black bear.
The black bear is almost dead.
The black bear bites you but does no damage.
The black bear claws you but does no damage.
The black bear closely misses you. The black bear bites you.
* * * LOW HITPOINT WARNING * * *
The black bear claws you.
You die...

..#.#.#...#.........
............########
###......#
######..##..#
#.##.....#.##..#
#..............^.
..#.#.#.#.#.##..#..
#.#.....##..#....
#..@....##..# ...
.......h........# #^
#.........#....
#.........##..#.
#.###...... ... .
#....### .# #....#
#....#


You could see a black bear (berserk).

Vanquished Creatures
  2 bullfrogs (Sewer)
  5 adders
  A worm (D:3)
  3 dart slugs
  An orc (D:3)
  12 ball pythons
  2 bats (D:3)
  6 endoplasms
  10 giant cockroaches
  4 goblins
  4 hobgoblins
  6 jackals
  10 quokkas
  7 frilled lizards
  2 kobolds (D:3)
  2 rats
77 creatures vanquished.

Vanquished Creatures (collateral kills)
  A ball python (D:3)
  2 rats (D:3)
3 creatures vanquished.

Grand Total: 80 creatures vanquished

Notes
Turn   | Place    | Note
-------+----------+-------------------------------------------
     0 | D:1      | bande the Gargoyle Fighter began the quest for the Orb.
     0 | D:1      | Reached XP level 1. HP: 14/14 MP: 1/1
   448 | D:1      | Reached XP level 2. HP: 19/19 MP: 2/2
   903 | D:2      | Reached XP level 3. HP: 22/24 MP: 3/3
  1412 | D:2      | Found a faded altar of an unknown god.
  1712 | D:3      | Found a glowing drain.
  1734 | Sewer    | Entered a sewer
  1826 | Sewer    | Reached XP level 4. HP: 23/29 MP: 4/4
  2666 | Sewer    | Reached XP level 5. HP: 33/33 MP: 5/5
  2731 | Sewer    | Reached XP level 6. HP: 17/38 MP: 6/6
  3003 | D:3      | Found a glowing silver altar of Zin.
  3211 | D:3      | Found a hazy altar of Hepliaklqana.
  3606 | D:4      | Noticed a black bear
  3621 | D:4      | Slain by a black bear

Illustrated notes

Levels and vault maps discovered:
D:1:      lemuel_arrival_behind_the_door_small, layout_basic
D:2:      layout_basic, shapermc_ecumenical_altar_mp_urbaneastern,
          wad_floor_pattern_2
D:3:      layout_basic, mainiacjoe_overflow_small_starburst,
          overflow_temple_1_default, portal_sewer_entry_c, interstate_on_off
D:4:      minmay_polygon_palace, layout_basic, lemuel_tele_altar,
          mainiacjoe_overflow_six_doors_small,
          nicolae_gozag_cash_rules_everything_around_me, amethyst_killhole

Skill      XL: |  1  2  3  4  5 |
---------------+----------------+-----
Axes           | 2 3 4 |  4.1
Armour         | 4 |  4.4
Fighting       | 4 |  4.3
Shields        | 4 |  4.1

Action                   |  1- 3 |  4- 6 || total
-------------------------+-------+-------++-------
Melee: War axe           |    85 |   207 ||   292
  Use: Scroll            |     5 |     2 ||     7
 Stab: Distracted        |     1 |       ||     1
Armor: Scale mail        |     8 |       ||     8
       Chain mail        |    57 |   180 ||   237
Dodge: Dodged            |    28 |    90 ||   118
Block: Buckler           |    25 |    69 ||    94

Table legend: (Time is in decaauts)
 A = Elapsed time spent in this place.
 B = Non-inter-level travel time spent in this place.
 C = Inter-level travel time spent in this place.
 D = Time resting spent in this place.
 E = Time spent auto-exploring this place.
 F = Levels seen in this place.
 G = Mean time per level.
                   A        B        C        D        E       F      G
               +--------+--------+--------+--------+--------+-----+--------+
         Total |   3802 |   3802 |      0 |    745 |   2232 |   5 |  760.4 |
       Dungeon |   2469 |   2469 |      0 |      0 |   2032 |   4 |  617.2 |
         Sewer |   1333 |   1333 |      0 |    745 |    200 |   1 | 1333.0 |
               +--------+--------+--------+--------+--------+-----+--------+

Top non-repeatable levels by time:
   Sewer: 1333 daAuts
     D:3: 907 daAuts
     D:1: 903 daAuts
     D:2: 624 daAuts
     D:4: 33 daAuts
